 Dungeon Crawl Stone Soup version 0.15.0-23-gc2b521c (console) character file.

168 gw the Skirmisher (level 5, 0/42 HPs)
             Began as a Formicid Abyssal Knight on Sept 8, 2014.
             Was a Believer of Lugonu.
             Slain by an adder (1 damage)
             ... on Level 2 of the Dungeon.
             The game lasted 00:01:42 (3123 turns).

gw the Skirmisher (Formicid Abyssal Knight)         Turns: 3123, Time: 00:01:42

HP   0/42        AC  6     Str 16      XL: 5   Next: 78%
MP  10/10        EV  8     Int 12      God: Lugonu [**....]
Gold 0           SH  0     Dex 11      Spells:  0 memorised,  4 levels left

rFire  . . .     SeeInvis +     a - +1 falchion
rCold  . . .     Clarity  .     l - +0 scale mail
rNeg   . . .     rCorr    .     (no shield)
rPois  .         rRot     .     (helmet unavailable)
rElec  .         Spirit   .     (no cloak)
SustAb .         Warding  .     (no gloves)
rMut   .         Stasis   +     (no boots)
Gourm  .                        (no amulet)
MR     .....                    (no ring)
                                (no ring)

@: lethally poisoned, not resistant to hostile enchantments, extremely
unstealthy
A: permanent stasis, dig shafts and tunnels, four strong arms, antennae 3
a: Dig, Shaft Self, Depart the Abyss, Bend Space, Renounce Religion


You were on level 2 of the Dungeon.
You worshipped Lugonu.
Lugonu was pleased with you.
You were not hungry.

You visited 1 branch of the dungeon, and saw 2 of its levels.
You visited the Abyss 1 time.

Inventory:

Hand weapons
 a - a +1 falchion (weapon)
Missiles
 h - 3 stones (quivered)
 o - 6 tomahawks
Armour
 l - a +0 scale mail (worn)
Comestibles
 b - 2 beef jerkies
 c - 3 bread rations
 g - 5 fruits
 n - a meat ration
Scrolls
 d - a scroll of amnesia {unknown}
 f - 2 scrolls of remove curse
 i - a scroll of enchant armour
 j - 2 scrolls of identify


   Skills:
 + Level 4.1 Fighting
 * Level 3.2 Long Blades
 + Level 1.4 Throwing
 + Level 3.2 Armour
 - Level 0.8 Dodging
 + Level 3.2 Invocations


You had 4 spell levels left.
You didn't know any spells.

Dungeon Overview and Level Annotations

Branches:
Dungeon (2/15)

Altars:
Kikubaaqudgha


Innate Abilities, Weirdness & Mutations

Your are under a permanent stasis effect.
You can dig through walls and to a lower floor.
Your four strong arms can wield two-handed weapons with a shield.
You have a pair of large antennae on your head (SInv).


Message History

You hit the jackal.
You kill the jackal!
Lugonu accepts your kill.
You feel sick. The adder barely misses you. The adder bites you.
You are more poisoned.
The adder poisons you!
ATTACKING (-1,0)
You hit the hobgoblin.
The hobgoblin is severely wounded.
The hobgoblin hits you. The adder barely misses you.
ATTACKING (-1,0)
You hit the hobgoblin.
You kill the hobgoblin!
Lugonu accepts your kill.
You feel sick. The adder bites you but does no damage.
ATTACKING (1,0)
You barely miss the adder.
The adder is severely wounded.
You feel sick. The adder bites you.
You die... 777777 777777 77....777 777777

## ########
.##########......################
............####.................
..########### ################..
..# ... #... ..# #.. ..#
......#####.#####.# #.. ###
.....('%aS..%.....#######
......#####.###.........# ...
#.............# . #.###.........#
#.# #.........# #######'#######
#..{........... #.#####.#######
#........


You could see an adder.

Table legend:
 A = Turns spent in this place as a percentage of turns spent in the entire game.
 B = Non-inter-level travel turns spent in this place as a percentage of non-inter-level travel turns spent in the entire game.
 C = Inter-level travel turns spent in this place as a percentage of turns spent in this place.
 D = Turns resting spent in this place as a percentage of non-inter-level travel turns spent in this place.
 E = Turns spent auto-exploring this place as a percentage of non-inter-level travel turns spent in this place.
 F = Non-inter-level travel turns spent in this place divided by the number of levels of this place that you've seen.
                   A       B       C       D       E      F
               +-------+-------+-------+-------+-------+----------------------
         Total | 100.0 | 100.0 |   0.8 |   5.9 |  14.5 | 331.3
       Dungeon |  98.0 |  98.0 |   0.8 |   6.1 |  14.2 | 487.0
         Abyss |   2.0 |   2.0 |   0.0 |   0.0 |  30.0 |  20.0
               +-------+-------+-------+-------+-------+----------------------

Table legend:
 A = Kills in this place as a percentage of kills in entire the game.
 B = Kills by you in this place as a percentage of kills by you in the entire game.
 C = Kills by friends in this place as a percentage of kills by friends in the entire game.
 D = Other kills in this place as a percentage of other kills in the entire game.
 E = Experience gained in this place as a percentage of experience gained in the entire game.
 F = Experience gained in this place divided by the number of levels of this place that you have seen.
                   A       B       C       D       E      F
               +-------+-------+-------+-------+-------+----------------------
         Total | 100.0 | 100.0 |  -nan |  -nan | 100.0 |  80.3
       Dungeon | 100.0 | 100.0 |  -nan |  -nan | 100.0 | 120.5
               +-------+-------+-------+-------+-------+----------------------

Vanquished Creatures
  Jessica (D:2)
  7 adders (D:2)
  2 worms (D:2)
  4 giant geckos
  2 oozes (D:2)
  9 bats
  5 giant cockroaches
  5 goblins
  8 hobgoblins
  4 jackals
  8 kobolds
  2 ball pythons (D:1)
  5 giant newts
  9 rats
71 creatures vanquished.

Notes
Turn   | Place    | Note
--------------------------------------------------------------
     0 | Abyss:1  | gw, the Formicid Abyssal Knight, began the quest for the Orb.
     0 | Abyss:1  | Reached XP level 1. HP: 18/18 MP: 1/1
    87 | Abyss:1  | Noticed a starcursed mass
    91 | D:1      | Escaped the Abyss
   281 | D:1      | Reached XP level 2. HP: 24/24 MP: 3/3
   379 | D:1      | Acquired Lugonu's first power
   597 | D:1      | Reached XP level 3. HP: 24/29 MP: 5/5
  1751 | D:2      | Reached XP level 4. HP: 37/37 MP: 6/6
  1775 | D:2      | Acquired Lugonu's second power
  1779 | D:2      | Reached skill level 1 in Throwing
  2271 | D:2      | Reached XP level 5. HP: 27/42 MP: 10/10
  2530 | D:2      | Reached skill level 4 in Fighting
  2640 | D:2      | Noticed Jessica
  2657 | D:2      | Killed Jessica
  2870 | D:2      | Found an ancient bone altar of Kikubaaqudgha.
  3122 | D:2      | HP: 2/42 [poisoned by an adder]
  3123 | D:2      | Slain by an adder

Action                   |  1- 3 |  4- 6 || total
-------------------------+-------+-------++-------
Melee: Falchion          |    97 |   160 ||   257
Throw: Stone             |    62 |    63 ||   125
Invok: Depart the Abyss  |     1 |       ||     1
  Use: Scroll            |     5 |       ||     5
       Potion            |     3 |       ||     3
  Eat: Chunk             |     3 |     5 ||     8

Vault maps used:
D:1:      mrwooster_arrival_statue
D:2:      forest_paths, minitemple, uniq_jessica
